 Dungeon Crawl Stone Soup version 0.27.1-15-g792fb953b9 (webtiles) character file.

Game seed: 10942530803313690645

119 raph the Grave Robber (level 4, 0/36 HPs)
             Began as a Deep Dwarf Necromancer on Nov 20, 2021.
             Slain by an orc (2 damage)
             ... on level 3 of the Dungeon.
             The game lasted 00:05:58 (3279 turns).

raph the Grave Robber (Deep Dwarf Necromancer)      Turns: 3279, Time: 00:05:59

Health: 0/36       AC:  2    Str: 11    XL:     4   Next: 74%
Magic:  2/6        EV: 12    Int: 17    God:
Gold:   83         SH:  0    Dex: 13    Spells: 1/6 levels left

rFire    . . .     SeeInvis .   f - +0 morningstar
rCold    . . .     Faith    .   (no shield)
rNeg     . . .     Spirit   .   a - +0 robe
rPois    .         Reflect  .   (no helmet)
rElec    .         Harm     .   (no cloak)
rCorr    .         Rampage  .   (no gloves)
Will     .....                  (no boots)
Stlth    ++........             (no amulet)
HPRegen  0.00/turn              (no ring)
MPRegen  0.10/turn              (no ring)

@: no status effects
A: damage resistance, heal wounds, sense surroundings 1, no regeneration
a: Heal Wounds


You were on level 3 of the Dungeon.
You visited 1 branch of the dungeon, and saw 3 of its levels.

You collected 83 gold pieces.

Inventory:

Hand Weapons
 b - a +3 rapier
 d - a +1 whip of venom
 f - a +0 morningstar (weapon)
Armour
 a - a +0 robe (worn)
Scrolls
 g - a scroll of fear {unknown}
Potions
 c - a potion of heal wounds {unknown}
 e - a potion of attraction {unknown}
 h - a potion of might {unknown}


   Skills:
 - Level 0.1 Fighting
 - Level 2.2 Dodging
 - Level 2.4 Stealth
 - Level 1.7 Spellcasting
 + Level 6.7 Necromancy


You had one spell level left.
You knew the following spells:

 Your Spells              Type           Power      Damage    Failure   Level
a - Pain                  Necr           96%        1d8       1%          1
b - Animate Skeleton      Necr           48%        N/A       1%          1
c - Vampiric Draining     Necr           12%        2d7       3%          3

Your spell library contained the following spells:

 Spells                   Type           Power      Damage    Failure   Level
 Freeze                   Ice            4%         1d3       21%         1
 Magic Dart               Conj           4%         1d3       21%         1
 Animate Dead             Necr           12%        N/A       12%         4
 Call Imp                 Summ           1%         N/A       30%         2
 Agony                    Necr           24%        N/A       34%         5
 Frozen Ramparts          Ice            2%         1d2       52%         3
 Mephitic Cloud           Conj/Pois/Air  1%         N/A       52%         3
 Hailstorm                Conj/Ice       1%         3d3       89%         4


Dungeon Overview and Level Annotations

Branches:
Dungeon (3/15)

Altars:
Elyvilon
Wu Jian


Innate Abilities, Weirdness & Mutations

You are resistant to damage.
You can heal yourself by infusing magical energy.
You passively map a small area around you.
You do not regenerate.


Message History

The orc wizard hits you with a +0 dagger.
Aiming: Pain (safe; 1% risk of failure)
Press: ? - help, Q - select action, (/) - cycle Shift-Dir - straight line, p - orc wizard You miscast Pain.
You are very lightly contaminated with residual magic.
Nothing appears to happen.
You are no longer poisoned.
There is an open door here.
Your magical contamination has completely faded away.
There is an open door here.
The orc wizard points at you and mumbles some strange words.
You are confused.
You are too confused!
Okay, then.
You're too confused to move!
The orc wizard casts a spell at you. The puff of flame hits you!
The orc wizard casts a spell at you. The magic dart hits you!
* * * LOW HITPOINT WARNING * * *
There is an open door here.
You bump into the crystal wall.
The orc closely misses you.
There is an open door here.
You feel less confused.
You hit the orc.
The orc is lightly wounded.
The orc misses you.
You sock the orc!
You kill the orc!
Something hits you.
Aiming: Pain (safe; 1% risk of failure)
Press: ? - help, Q - select action, (/) - cycle Shift-Dir - straight line, f - orc wizard
Aim: an orc wizard, wielding a +0 dagger and wearing a +0 robe (severely wounded, chance to affect: 83%)
The orc wizard writhes in agony!
You kill the orc wizard!
Something hits you.
* * * LOW HITPOINT WARNING * * *
You closely miss the orc.
The orc hits you with a +1 short sword of venom.
You die...

*################
...........)...##########
#.###'##'##'###......<....
#.#.....#.....#....#######
#.#.....#@....#...##
#.'##'##o##)##'.###
#.#..#....)#..#...#####
#.#..#'###'#..###.....####
#.#..#.....#..#######<....
#.'..'.._..'..+.# ######
#.#..#.....#..#.######## #
#.#..#'###o#..#........#
#.#..#....o#..#.######.#


You could see an orc.

Vanquished Creatures
  An orc wizard (D:3)
  3 gnolls (D:3)
  An adder (D:2)
  A worm (D:2)
  An orc (D:3)
  4 ball pythons
  4 endoplasms
  3 giant cockroaches (D:2)
  7 goblins
  4 hobgoblins
  7 jackals
  2 quokkas
  3 bats
  3 frilled lizards (D:2)
  2 kobolds
  3 rats
49 creatures vanquished.

Notes
Turn   | Place    | Note
-------+----------+-------------------------------------------
     0 | D:1      | raph the Deep Dwarf Necromancer began the quest for the
                  | Orb.
     0 | D:1      | Reached XP level 1. HP: 15/15 MP: 3/3
   495 | D:1      | Reached XP level 2. HP: 7/22 MP: 0/4
   776 | D:1      | Reached skill level 5 in Necromancy
  1571 | D:2      | Found a faded altar of an unknown god.
  1654 | D:2      | Reached XP level 3. HP: 4/28 MP: 3/5
  1656 | D:2      | Learned a level 1 spell: Animate Skeleton
  1660 | D:2      | Learned a level 3 spell: Vampiric Draining
  1831 | D:2      | Found a white marble altar of Elyvilon.
  2504 | D:3      | Found an ornate altar of the Wu Jian Council.
  2727 | D:3      | Reached skill level 6 in Necromancy
  2774 | D:2      | Reached XP level 4. HP: 33/36 MP: 4/6
  3279 | D:3      | Slain by an orc

Illustrated notes

Levels and vault maps discovered:
D:1:      nagdon_arrival_zigzag_paths, layout_basic
D:2:      layout_basic, basic_ecumenical_altar, basic_altar
D:3:      layout_rooms, mainiacjoe_overflow_24_doors

Skill      XL: |  1  2  3 |
---------------+----------+-----
Necromancy     | 5 6 |  6.7
Fighting       | |  0.1
Dodging        | |  2.2
Stealth        | |  2.4
Spellcasting   | |  1.7

Action                   |  1- 3 |  4- 6 || total
-------------------------+-------+-------++-------
Melee: Unarmed           |     6 |       ||     6
       Whip              |     6 |       ||     6
       Morningstar       |    16 |     6 ||    22
 Cast: Pain              |    63 |    12 ||    75
       Vampiric Draining |     8 |     3 ||    11
 Abil: Heal Wounds       |     1 |       ||     1
 Stab: Sleeping          |     1 |       ||     1
Armor: Robe              |     4 |     4 ||     8
Dodge: Dodged            |    48 |     7 ||    55
